 Dungeon Crawl Stone Soup version 0.25.0-8-gfd19cd77bd (webtiles) character file.

Game seed: 8361422461079957534

784 Froggeryz the Cleaver (level 7, -4/85 HPs)
             Began as a Minotaur Berserker on June 16, 2020.
             Was a Priest of Trog.
             Slain by Pikel
             ... wielding a +1 whip of flaming
              (9 damage)
             ... on level 4 of the Dungeon.
             The game lasted 00:02:54 (3259 turns).

Froggeryz the Cleaver (Minotaur Berserker)          Turns: 3259, Time: 00:02:54

Health: -4/85      AC:  7    Str: 24    XL:     7   Next: 55%
Magic:  6/6        EV: 11    Int:  4    God:    Trog [***...]
Gold:   90         SH:  0    Dex:  9    Spells: 6/6 levels left

rFire    . . .     SeeInvis .   a - +0 hand axe
rCold    . . .     Gourm    .   (no shield)
rNeg     . . .     Faith    .   h - +0 scale mail
rPois    .         Spirit   .   (helmet restricted)
rElec    .         Reflect  .   (no cloak)
rCorr    .         Harm     .   (no gloves)
MR       .....                  (no boots)
Stlth    ..........             (no amulet)
HPRegen  0.24/turn              (no ring)
MPRegen  0.10/turn              (no ring)

@: berserking (expiring), very quick
A: retaliatory headbutt, horns 2
a: Berserk, Trog's Hand, Renounce Religion


You were on level 4 of the Dungeon.
You worshipped Trog.
Trog was most pleased with you.
You were hungry.

You visited 1 branch of the dungeon, and saw 4 of its levels.

You collected 90 gold pieces.

Inventory:

Hand Weapons
 a - a +0 hand axe (weapon)
Missiles
 i - 2 throwing nets (quivered)
Armour
 h - a +0 scale mail (worn)
 v - a +0 kite shield
Jewellery
 f - an uncursed ring of magical power
 j - an uncursed amulet of magic regeneration {unknown}
Wands
 x - a wand of polymorph (4)
Scrolls
 d - a scroll of blinking {unknown}
 l - 2 scrolls of random uselessness {unknown}
 m - a scroll of teleportation {unknown}
 n - 2 scrolls of enchant armour {unknown}
 q - 3 scrolls of remove curse {unknown}
 s - a scroll of magic mapping {unknown}
 t - 2 scrolls of identify {unknown}
 y - a scroll of fear {unknown}
Potions
 b - 2 potions of mutation {unknown}
 e - 2 potions of brilliance {unknown}
 g - a potion of flight {unknown}
 k - a potion of cancellation {unknown}
 o - a potion of might {unknown}
 p - a potion of magic {unknown}
 r - a potion of curing {unknown}
 u - a potion of degeneration {unknown}
 w - 2 potions of heal wounds {unknown}
Comestibles
 c - 7 rations
 z - a chunk of flesh


   Skills:
 - Level 3.6 Fighting
 * Level 9.1 Axes
 + Level 6.2 Armour
 - Level 2.1 Dodging


You had 6 spell levels left.
You didn't know any spells.
Your spell library was empty.

Dungeon Overview and Level Annotations

Branches:
Dungeon (4/15)             Temple (0/1) D:4

Altars:
Ashenzari

Annotations:
D:4 1 runed translucent door, Pikel


Innate Abilities, Weirdness & Mutations

You reflexively headbutt those who attack you in melee.
You have a pair of horns on your head.


Message History

* * * LOW HITPOINT WARNING * * *
You completely miss Pikel.
Pikel is moderately wounded.
You barely miss the slave. Pikel closely misses you.
You hit Pikel.
Pikel is heavily wounded.
You slash the slave! The slave barely misses you.
Your scale mail prevents you from hitting Pikel.
Pikel is heavily wounded.
You barely miss the slave. Pikel completely misses you.
You furiously retaliate!
You headbutt Pikel! You closely miss Pikel.
Pikel is severely wounded.
You slash the slave!
You kill the slave!
That felt strangely unrewarding.
You hit Pikel but do no damage. Your headbutt misses Pikel.
Pikel is severely wounded.
Pikel hits you with a +1 whip of flaming!
You die...

.##.##.##.######.....###
........#(.....'.....'..
..........######.....###
.⌠...⌠..#.....######## #
........#.###.# ##
...>......# #.###### #.
........### #.#....# #.
.⌠...⌠..### #......####.
......K@..# ###.####....
.......)#.#####....#.###
.##.##.##...............
# #. #....#.....#.##. ##
#....#..........
#....#.......###
#########.......
#...#... #...#...


You could see Pikel.

Vanquished Creatures
  Sigmund (D:2)
  4 slaves (D:4)
  An ogre (D:4)
  2 ice beasts
  An orc priest (D:4)
  An iguana (D:4)
  Jessica (D:2)
  A worker ant (D:3)
  2 orc wizards
  Robin (D:2)
  3 gnolls (D:2)
  5 adders
  2 oozes
  A worm (D:3)
  2 dart slugs
  A leopard gecko (D:2)
  11 orcs
  3 ball pythons (D:3)
  5 giant cockroaches
  11 goblins
  10 hobgoblins
  6 jackals (D:1)
  2 quokkas
  7 bats
  3 frilled lizards
  A jackal skeleton (D:4)
  6 rats
94 creatures vanquished.

Notes
Turn   | Place    | Note
-------+----------+-------------------------------------------
     0 | D:1      | Froggeryz the Minotaur Berserker began the quest for the
                  | Orb.
     0 | D:1      | Reached XP level 1. HP: 19/19 MP: 0/0
   210 | D:1      | Reached skill level 4 in Axes
   264 | D:1      | Reached XP level 2. HP: 24/26 MP: 1/1
   718 | D:2      | Noticed Robin
   725 | D:2      | Reached XP level 3. HP: 26/31 MP: 2/2
   737 | D:2      | Reached ** piety under Trog
   737 | D:2      | Reached skill level 5 in Axes
   742 | D:2      | Killed Robin
   791 | D:2      | Noticed Sigmund
   801 | D:2      | Killed Sigmund
   801 | D:2      | Reached skill level 6 in Axes
   801 | D:2      | Reached XP level 4. HP: 16/39 MP: 3/3
   801 | D:2      | Reached XP level 5. HP: 19/45 MP: 4/4
  1195 | D:2      | Reached skill level 7 in Axes
  1202 | D:2      | Reached XP level 6. HP: 27/51 MP: 5/5
  1435 | D:2      | Noticed Jessica
  1443 | D:2      | Killed Jessica
  1842 | D:3      | Noticed an ice beast
  1848 | D:3      | Killed an ice beast
  1848 | D:3      | Reached skill level 5 in Armour
  2135 | D:3      | Reached *** piety under Trog
  2139 | D:3      | Found a shattered altar of Ashenzari.
  2333 | D:4      | Found a runed translucent door.
  2333 | D:4      | Noticed a slave
  2343 | D:4      | Killed a slave
  2345 | D:4      | Noticed a slave
  2345 | D:4      | Noticed a slave
  2354 | D:4      | Reached skill level 8 in Axes
  2372 | D:4      | Killed a slave
  2654 | D:4      | Noticed an ice beast
  2666 | D:4      | Killed an ice beast
  2666 | D:4      | Reached XP level 7. HP: 34/57 MP: 6/6
  2821 | D:4      | Found a staircase to the Ecumenical Temple.
  3242 | D:4      | Noticed Pikel
  3252 | D:4      | Reached skill level 9 in Axes
  3254 | D:4      | HP: 4/85 [slave[Pikel] (8)]
  3259 | D:4      | Slain by Pikel

Illustrated notes

Levels and vault maps discovered:
D:1:      ncdulo_wetmaze, layout_basic
D:2:      layout_loops_cross, first_ration, uniq_sigmund, uniq_jessica,
          uniq_robin
D:3:      layout_loops_cross, lemuel_coloured_pillars_altar
D:4:      layout_basic, minmay_temple_entry_large_hall, ebering_ghost_sewer_f,
          uniq_pikel

Skill      XL: |  1  2  3  4  5  6  7 |
---------------+----------------------+-----
Axes           | 4 6 7 8 9 |  9.1
Armour         | 3 4 5 6 |  6.2
Fighting       | |  3.6
Dodging        | |  2.1

Action                   |  1- 3 |  4- 6 |  7- 9 || total
-------------------------+-------+-------+-------++-------
Melee: Hand axe          |    73 |   128 |    53 ||   254
       Headbutt          |    12 |    26 |     8 ||    46
       Unarmed           |       |       |     1 ||     1
Invok: Berserk           |     2 |     1 |     1 ||     4
       Trog's Hand       |     1 |       |       ||     1
  Eat: Chunk             |     1 |     8 |     2 ||    11
Armor: Scale mail        |    26 |    28 |    12 ||    66
       Animal skin       |     3 |       |       ||     3
Dodge: Dodged            |    43 |    48 |    32 ||   123
